General information
- name: BNet
- type: Ladder team game (AT/RT)
- host: Battle.net
- saver: TIMG4STRok
map: Monsoon
- players: 6
- length: 13:25
- speed: Fast
- version: 1.24 W3XP
- replay type:

» download(109 KB)
Players
team 1 (loser)
5o1.RAZORBACKS (
orange | 66 APM | 854 actions | 12:56)
1 Keeper of the Grove
1 Entangling Roots
1 Pit Lord
1 Rain of Fire
» actions
| Assign group hotkey | 3 | |
| Basic commands | 28 | |
| Build / train | 34 | |
| Enter build submenu | 8 | |
| Enter hero's abilities submenu | 2 | |
| Remove unit from queue | 6 | |
| Right click | 618 | |
| Select / deselect | 123 | |
| Select group hotkey | 12 | |
| Use ability | 20 | |
854 total
» units
» upgrades
» buildings
| Altar of Elders | 1 | |
| Moon Well | 3 | |
| Hunter's Hall | 1 | |
| Ancient of War | 2 | |
| Tree of Ages | 3 | |
| Tree of Life | 1 | |
11 total
» build order
00:08 Altar of Elders
00:10 Moon Well
01:49 Hunter's Hall
01:57 Ancient of War
02:01 Moon Well
02:26 Ancient of War
02:36 Moon Well
04:38 Tree of Ages
04:38 Tree of Ages
04:39 Tree of Ages
07:07 Tree of Life
» items
AKA- (
red | 76 APM | 1016 actions | 13:24)
3 Death Knight
2 Death Coil
1 Unholy Aura
1 Lich
1 Frost Nova
» actions
| Assign group hotkey | 46 | |
| Build / train | 50 | |
| Enter build submenu | 21 | |
| Enter hero's abilities submenu | 4 | |
| Right click | 448 | |
| Select / deselect | 176 | |
| Select group hotkey | 209 | |
| Use ability | 62 | |
1016 total
» units
| Acolyte | 3 | |
| Ghoul | 3 | |
| Crypt Fiend | 6 | |
| Frost Wyrm | 7 | |
19 total
» upgrades
| Burrow | 1 | |
| Creature Attack | 2 | |
| Creature Carapace | 1 | |
| Web | 1 | |
5 total
» buildings
| Graveyard | 1 | |
| Crypt | 1 | |
| Altar of Darkness | 1 | |
| Ziggurat | 6 | |
| Tomb of Relics | 1 | |
| Halls of the Dead | 3 | |
| Nerubian Tower | 1 | |
| Black Citadel | 2 | |
| Spirit Tower | 1 | |
| Sacrificial Pit | 2 | |
| Boneyard | 3 | |
22 total
» build order
00:09 Graveyard
00:17 Crypt
00:19 Altar of Darkness
00:28 Ziggurat
00:44 Tomb of Relics
01:44 Ziggurat
03:16 Halls of the Dead
03:16 Halls of the Dead
03:17 Halls of the Dead
03:49 Ziggurat
04:08 Nerubian Tower
05:17 Ziggurat
06:47 Black Citadel
06:47 Black Citadel
06:50 Spirit Tower
06:55 Sacrificial Pit
08:15 Sacrificial Pit
09:18 Boneyard
09:27 Ziggurat
09:30 Ziggurat
09:43 Boneyard
09:47 Boneyard
» items
| Rod of Necromancy | 1 | |
| Dust of Appearance | 1 | |
| Scroll of Town Portal | 3 | |
| Potion of Healing | 5 | |
10 total
Wisperwind (
blue | 83 APM | 1069 actions | 12:50)
2 Priestess of the Moon
1 Trueshot Aura
1 Searing Arrows
» actions
| Assign group hotkey | 41 | |
| Basic commands | 12 | |
| Build / train | 37 | |
| Enter build submenu | 9 | |
| Enter hero's abilities submenu | 2 | |
| Remove unit from queue | 1 | |
| Right click | 614 | |
| Select / deselect | 167 | |
| Select group hotkey | 137 | |
| Use ability | 49 | |
1069 total
» units
» upgrades
| Strength of the Moon | 1 | |
| Moon Armor | 1 | |
2 total
» buildings
| Altar of Elders | 1 | |
| Moon Well | 4 | |
| Hunter's Hall | 1 | |
| Ancient of War | 2 | |
8 total
» build order
00:08 Altar of Elders
00:22 Moon Well
01:41 Hunter's Hall
02:09 Ancient of War
02:29 Moon Well
02:49 Ancient of War
03:52 Moon Well
05:31 Moon Well
» items
| Scroll of Town Portal | 1 | |
| Scroll of Protection | 2 | |
| Potion of Invisibility | 1 | |
| Potion of Lesser Invulnerability | 1 | |
5 total
team 2 (winner)
LastSurvivor (
green | 83 APM | 1109 actions | 13:24)
5 Tauren Chieftain
2 Endurance Aura
3 War Stomp
» actions
| Assign group hotkey | 53 | |
| Basic commands | 36 | |
| Build / train | 50 | |
| Enter build submenu | 13 | |
| Enter hero's abilities submenu | 6 | |
| Give item / drop item | 1 | |
| Right click | 594 | |
| Select / deselect | 190 | |
| Select group hotkey | 118 | |
| Use ability | 48 | |
1109 total
» units
| Peon | 8 | |
| Troll Headhunter/Berserker | 15 | |
23 total
» upgrades
| Armor | 1 | |
| Ranged Weapons | 2 | |
| Troll Regeneration | 1 | |
| Shaman Training | 2 | |
| Reinforced Defenses | 2 | |
8 total
» buildings
| Altar of Storms | 1 | |
| Orc Burrow | 5 | |
| War Mill | 1 | |
| Barracks | 2 | |
| Voodoo Lounge | 1 | |
| Stronghold | 1 | |
| Spirit Lodge | 2 | |
| Fortress | 2 | |
15 total
» build order
00:06 Altar of Storms
00:18 Orc Burrow
00:36 War Mill
01:36 Barracks
01:43 Barracks
02:05 Orc Burrow
02:37 Voodoo Lounge
04:01 Orc Burrow
06:08 Stronghold
06:48 Orc Burrow
08:47 Spirit Lodge
09:27 Fortress
09:27 Fortress
10:03 Spirit Lodge
11:53 Orc Burrow
» items
| Healing Salve | 2 | |
| Scroll of Speed | 2 | |
| Scroll of Town Portal | 2 | |
| Scroll of Healing | 1 | |
| Scroll of Protection | 1 | |
8 total
Rush[yyz] (
pink | 130 APM | 1742 actions | 13:24)
3 Priestess of the Moon
2 Trueshot Aura
1 Searing Arrows
» actions
| Assign group hotkey | 39 | |
| Basic commands | 129 | |
| Build / train | 38 | |
| Enter build submenu | 17 | |
| Enter hero's abilities submenu | 3 | |
| Remove unit from queue | 1 | |
| Right click | 788 | |
| Select / deselect | 131 | |
| Select group hotkey | 553 | |
| Use ability | 43 | |
1742 total
» units
» upgrades
| Strength of the Moon | 1 | |
| Ultravision | 1 | |
| Moon Armor | 1 | |
| Nature's Blessing | 1 | |
4 total
» buildings
| Altar of Elders | 1 | |
| Moon Well | 7 | |
| Hunter's Hall | 1 | |
| Ancient of War | 2 | |
| Tree of Ages | 1 | |
| Tree of Life | 2 | |
| Ancient of Lore | 2 | |
16 total
» build order
00:09 Altar of Elders
00:18 Moon Well
01:45 Hunter's Hall
01:47 Ancient of War
02:07 Moon Well
02:11 Ancient of War
02:42 Moon Well
04:12 Moon Well
06:50 Tree of Ages
08:34 Tree of Life
09:22 Ancient of Lore
09:23 Ancient of Lore
10:28 Moon Well
10:30 Moon Well
10:32 Moon Well
12:51 Tree of Life
» items
| Scroll of Town Portal | 1 | |
| Scroll of Healing | 1 | |
| Staff of Teleportation | 1 | |
| Scroll of Protection | 1 | |
| Dust of Appearance | 1 | |
5 total
TIMG4STRok (
teal | 134 APM | 1802 actions | 13:25)
3 Archmage
2 Summon Water Elemental
1 Brilliance Aura
2 Mountain King
1 Storm Bolt
1 Bash
» actions
| Assign group hotkey | 27 | |
| Basic commands | 56 | |
| Build / train | 46 | |
| ESC pressed | 2 | |
| Enter build submenu | 19 | |
| Enter hero's abilities submenu | 5 | |
| Right click | 709 | |
| Select / deselect | 187 | |
| Select group hotkey | 697 | |
| Use ability | 54 | |
1802 total
» units
| Peasant | 11 | |
| Footman | 4 | |
| Mortar Team | 6 | |
| Sorceress | 5 | |
26 total
» upgrades
| Sorceress Training | 2 | |
| Gunpowder | 1 | |
| Fragmentation Shards | 1 | |
| Flare | 1 | |
5 total
» buildings
| Altar of Kings | 1 | |
| Barracks | 1 | |
| Farm | 8 | |
| Scout Tower | 3 | |
| Arcane Tower | 1 | |
| Keep | 1 | |
| Arcane Vault | 1 | |
| Blacksmith | 1 | |
| Workshop | 1 | |
| Arcane Sanctum | 1 | |
| Castle | 1 | |
| Lumber Mill | 1 | |
| Guard Tower | 1 | |
22 total
» build order
00:06 Altar of Kings
00:08 Barracks
00:13 Farm
00:53 Farm
01:32 Farm
02:00 Scout Tower
02:41 Arcane Tower
03:16 Keep
03:34 Arcane Vault
03:41 Blacksmith
04:56 Farm
04:56 Farm
05:39 Workshop
05:41 Arcane Sanctum
07:22 Farm
07:23 Farm
08:13 Castle
11:12 Lumber Mill
11:15 Farm
11:17 Scout Tower
11:18 Scout Tower
13:13 Guard Tower
» items
| Scroll of Town Portal | 2 | |
| Scroll of Regeneration | 1 | |
| Scroll of Healing | 1 | |
4 total
Chat log
(00:15 / Allies) TIMG4STRok: im doing it
(00:19 / All) TIMG4STRok: leave noob shits
(00:20 / Allies) Rush[yyz]: wha?
(00:23 / Allies) Rush[yyz]: lol
(00:30 / Allies) TIMG4STRok: lmao
(00:30 / All) AKA-: ??
(00:38 / All) TIMG4STRok: the fuck are you talking about
(00:45 / All) Wisperwind: wcreplays.com
(00:47 / All) TIMG4STRok: i killed 2 armies and made third tp before my noob ally suicided his army
(00:59 / All) Rush[yyz]: its 3s get over it
(01:09 / All) TIMG4STRok: 1v1???? or are you going to dodge like endozero
(01:12 / All) Wisperwind: keep your boyfriend on a leash
(01:12 / All) AKA-: sucks for u
(01:13 / All) TIMG4STRok: after i raped him
(01:14 / All) AKA-: glhf
(01:17 / All) TIMG4STRok: good luck dont suck
(01:19 / All) Wisperwind: lol endo didnt dodge
(01:21 / All) Wisperwind: he beat you
(01:23 / All) TIMG4STRok: ?
(01:24 / All) Rush[yyz]: he just lost ;/
(01:24 / All) Wisperwind: wcr again
(01:30 / Allies) Rush[yyz]: wtf?
(01:32 / All) Wisperwind: ill play you on garena
(01:35 / All) TIMG4STRok: lmao
(01:39 / All) TIMG4STRok: server 5
(01:43 / All) TIMG4STRok: ggl league room
(01:50 / Allies) TIMG4STRok: gonna fast sorc
(01:59 / Allies) Rush[yyz]: morts too
(02:00 / Allies) Rush[yyz]: timg
(02:03 / Allies) Rush[yyz]: to rip the hunts
(02:04 / Allies) TIMG4STRok: yeah
(07:16 / Allies) Rush[yyz]: lets go
(07:17 / Allies) Rush[yyz]: timmy
(08:07 / Allies) TIMG4STRok: gotta get a tp
(08:22 / Allies) TIMG4STRok: stuck lmao
(10:15 / All) 5o1.RAZORBACKS: tp out?
(10:19 / All) TIMG4STRok: alt qq out
(10:27 / All) Wisperwind: 1-1
(10:28 / All) Wisperwind: happy?
(10:34 / All) LastSurvivor: stfu newb
(10:36 / Allies) Rush[yyz]: we beat them with kunt
(10:40 / All) TIMG4STRok: tp red
(11:33 / All) TIMG4STRok: gj
(11:36 / All) TIMG4STRok: nice 1
(11:38 / All) TIMG4STRok: very clever
(11:41 / All) TIMG4STRok: smart move
(11:59 / All) Wisperwind: lawl you are really proud you beat us
(12:03 / All) Wisperwind: true fan
(12:07 / All) Rush[yyz]: cry more
(12:09 / All) Rush[yyz]: dont care
(12:09 / Allies) TIMG4STRok: let me die
(12:10 / All) Rush[yyz]: zzz
(12:46 / All) TIMG4STRok: gj
(12:48 / All) TIMG4STRok: nice tp
(12:54 / All) TIMG4STRok: 1v1?
(13:05 / Allies) TIMG4STRok: lol
(13:18 / All) AKA-: who are u lol/// jeez east ppl...
(13:21 / All) AKA-: ggwp